 Dungeon Crawl Stone Soup version 0.31-a0-836-g3ceb0a68c4 (webtiles) character file.

Game seed: 15021127418585256708

1255 lunkers the Martial Artist (level 9, -2/61 (64) HPs)
             Began as a Meteoran Shapeshifter on Sept 26, 2023.
             Was a Follower of Ru.
             Slain by a wight
             ... wielding a +0 halberd
              (5 damage)
             ... on level 7 of the Dungeon.
             The game lasted 00:08:17 (3426 turns).

lunkers the Martial Artist (Meteoran Shapeshifter)  Turns: 3426, Time: 00:08:18

HP:   -2/61 (64)    AC:  6    Str: 16    XL:     9   Next: 7%
MP:   10/10         EV: 11    Int: 12    God:    Ru [*.....]
Gold: 274           SH:  0    Dex: 18    Spells: 8/8 levels left

rFire   . .          .
                       - Unarmed
rCold   . . .        (no shield)
rNeg    . . .        h - +1 ring mail
rPois   .            (helmet currently unavailable)
rElec   .            (cloak currently unavailable)
rCorr   .            (gloves currently unavailable)
SInv    .            (boots currently unavailable)
Will    +....        e - amulet of regeneration
Stlth   +            (no ring)
HPRegen 1.10/turn    (no ring)
MPRegen 0.12/turn

%: no passive effects
@: beast-form, glowing, lightly drained
A: beast (slay +4), sense surroundings 2, no fire magic, no hexes magic, no
necromancy magic, otherworldly, glowing, explore regen
a: Begin Untransformation, Renounce Religion


You were on level 7 of the Dungeon.
You worshipped Ru.
Ru was aware of your devotion.
You were a hulking beast.
You visited 2 branches of the dungeon, and saw 8 of its levels.

You collected 274 gold pieces.

Inventory:

Armour
 a - a +0 animal skin
 h - a +1 ring mail (worn)
 j - a +0 pair of boots
Jewellery
 e - an amulet of regeneration (around neck)
Talismans
 c - a beast talisman (active)
 d - a flux talisman
 u - a storm talisman
Wands
 t - a wand of paralysis (11)
Scrolls
 i - 3 scrolls of identify
 m - a scroll of enchant weapon
 o - 2 scrolls of noise
 q - a scroll of immolation
Potions
 b - 2 potions of lignification
 f - 3 potions of mutation
 g - a potion of enlightenment
 k - 4 potions of curing
 l - a potion of might
 n - 2 potions of heal wounds


   Skills:
 - Level 1.1 Fighting
 - Level 2.1 Dodging
 * Level 10.4 Unarmed Combat
 + Level 7.3 Shapeshifting


You had 8 spell levels left.
You didn't know any spells.
Your spell library contained the following spells:

 Spells                   Type           Power      Damage    Failure   Level
 Freeze                   Ice            0%         1d3       54%         1
 Summon Small Mammal      Summ           0%         N/A       54%         1
 Blink                    Tloc           0%         N/A       67%         2
 Call Canine Familiar     Summ           0%         N/A       88%         3
 Frozen Ramparts          Ice            0%         1d1       88%         3
 Hailstorm                Conj/Ice       0%         3d3       88%         3
 Manifold Assault         Tloc           0%         N/A       99%         4
 Summon Guardian Golem    Hex/Summ       Unusable   N/A       N/A         3

Dungeon Overview and Level Annotations

Branches:
Dungeon (7/15) Zot: 908    Temple (1/1) D:5 Zot: 507

Altars:
Cheibriados
Dithmenos
Elyvilon
Gozag
Hepliaklqana
Makhleb
Nemelex Xobeh
Qazlal
Ru
Sif Muna
Trog
Uskayaw
Wu Jian
Xom
Yredelemnul
Zin
The Shining One

Shops:
D:4 [   D:7 (

Annotations:
D:4 1 runed translucent door, knightboat's ghost, amateur VSBr


Innate Abilities, Weirdness & Mutations

You are a hulking beast.
Your limbs bulge with bestial killing power. (Slay +4)
You passively map the area around you.
You cannot study or cast Fire magic.
You cannot study or cast Hexes magic.
You cannot study or cast Necromancy magic.
You are easily found by Zot.
You glow in the dark.
You regain HP and MP as you explore.


Message History

You destroy the wight!
The wight misses you.
Your life force feels restored.
You have reached level 9!
Your experience leads to an increase in your attributes!
Increase (S)trength, (I)ntelligence, or (D)exterity?
You feel agile. x2; You feel stronger.
Your attunement to dungeon structure grows.
You punch the wight!
You destroy the wight!
The wight barely misses you. The wight hits you with a +0 halberd!
* * * LOW HITPOINT WARNING * * *
You feel drained.
* * * LOW HITPOINT WARNING * * *
Items here: )) [[.
Unknown command.
Unknown command.
Unknown command.
Unknown command.
Unknown command.
You closely miss the wight. Your punch misses the wight.
Unknown command.
The wight barely misses you. The wight hits you with a +0 battleaxe!
* * * LOW HITPOINT WARNING * * *
The wight closely misses you.
You barely miss the wight. You punch the wight.
The wight is lightly damaged.
The wight barely misses you.
The wight hits you from afar with a +0 halberd.
* * * LOW HITPOINT WARNING * * *
You feel drained.
You completely miss the wight.
The wight is lightly damaged.
The wight closely misses you.
You punch the wight!
The wight is severely damaged.
The wight hits you from afar with a +0 halberd.
You die...

* ,, ,, * ,, * **
.......,#.#.#.#* * ....... .....#
* ......., ..(..##### .......
,........# ### * ....... #....
..# ..# ....... **#..####.# # #.#
.......####..#....# # #.####*
#.#)zzh...#.##.### # <....#
##.######..†......###### #.##.#
#...# ######.......... #.##.#
#...# ##.#.###### #.##.#
#...####### #####.### #.##.#
#.........# #.......####
#.##.#####...#####.###.###.#.....
.............# #..##...........
#............# #..##..#........


You could see 2 wights.

Vanquished Creatures
  A water moccasin (D:5)
  An ice beast (D:7)
  A black bear (D:7)
  An ogre (D:6)
  A phantom (D:6)
  A kobold brigand (D:7)
  A scorpion (D:7)
  3 wights (D:7)
  2 hounds
  An orc priest (D:5)
  2 jellies
  5 iguanas
  An orc wizard (D:5)
  A gnoll (D:1)
  10 adders
  4 worms
  3 dart slugs
  8 orcs
  12 bats
  4 bat skeletons (D:6)
  A bat zombie (D:6)
  5 endoplasms
  2 giant cockroaches
  7 goblins
  8 hobgoblins
  3 jackals (D:5)
  15 kobolds
  3 quokkas
  3 ball pythons
  2 frilled lizards
  6 rats
118 creatures vanquished.

Notes
Turn   | Place    | Note
-------+----------+-------------------------------------------
     0 | D:1      | lunkers the Meteoran Shapeshifter began the quest for the
                  | Orb.
     0 | D:1      | Reached XP level 1. HP: 16/16 MP: 2/2
    71 | D:1      | Reached XP level 2. HP: 23/23 MP: 3/3
   142 | D:1      | Reached skill level 4 in Unarmed Combat
   260 | D:1      | Reached XP level 3. HP: 19/28 MP: 4/4
   520 | D:2      | Reached XP level 4. HP: 20/35 MP: 5/5
   548 | D:2      | Reached skill level 5 in Unarmed Combat
   819 | D:3      | Reached XP level 5. HP: 40/40 MP: 6/6
   980 | D:3      | Reached skill level 6 in Unarmed Combat
  1106 | D:2      | Reached XP level 6. HP: 46/47 MP: 7/7
  1161 | D:4      | Found a hazy altar of Hepliaklqana.
  1296 | D:4      | Found Gijahytt's Armour Boutique.
  1303 | D:4      | Reached skill level 5 in Shapeshifting
  1352 | D:4      | Noticed knightboat's ghost (amateur VSBr)
  1354 | D:4      | Found a runed translucent door.
  1800 | D:5      | Entered Level 5 of the Dungeon
  1822 | D:5      | Found a shadowy altar of Dithmenos.
  1857 | D:5      | Found a staircase to the Ecumenical Temple.
  1866 | D:5      | Reached skill level 7 in Unarmed Combat
  1869 | Temple   | Entered the Ecumenical Temple
  1904 | Temple   | Became a worshipper of Ru the Awakened
  1993 | D:5      | Noticed a water moccasin
  2007 | D:5      | Killed a water moccasin
  2008 | D:5      | Reached XP level 7. HP: 46/52 MP: 8/8
  2538 | D:6      | Reached skill level 8 in Unarmed Combat
  2603 | D:6      | Reached XP level 8. HP: 59/59 MP: 9/9
  2753 | D:6      | Reached skill level 9 in Unarmed Combat
  2935 | D:6      | Gained mutation: You cannot study or cast Fire magic. [Ru
                  | sacrifice]
  2935 | D:6      | Gained mutation: You cannot study or cast Hexes magic. [Ru
                  | sacrifice]
  2935 | D:6      | Gained mutation: You cannot study or cast Necromancy magic.
                  | [Ru sacrifice]
  2935 | D:6      | Reached * piety under Ru
  2968 | D:7      | Found Ybuttam's Antique Weapon Shoppe.
  3395 | D:7      | Reached skill level 10 in Unarmed Combat
  3417 | D:7      | Gained mutation: You passively map the area around you.
                  | [Meteoran growth]
  3417 | D:7      | Reached XP level 9. HP: 18/64 MP: 10/10
  3424 | D:7      | HP: 1/62 [wight/+0 halberd (4)]
  3426 | D:7      | Slain by a wight

Illustrated notes

Levels and vault maps discovered:
D:1:      minmay_arrival_cross, layout_basic, minmay_ruptured
D:2:      layout_basic, grunt_ministairs_1, uniq_terence
D:3:      layout_rooms, old_standard_altar
D:4:      layout_loops_cross, mainiacjoe_overflow_alcove_1, serial_shops,
          nicolae_shop_tiny_waterfront, hellmonk_ghost_happy_afterlife
D:5:      layout_basic, overflow_temple_1_default,
          minmay_temple_entry_proselytizer
D:6:      layout_gridville, kennysheep_vampire_church
D:7:      layout_loops_cross, serial_shops, nicolae_shop_tiny_real_fake_doors,
          kennysheep_nondescript
Temple:   regret_index_temple_generic_petals

Skill      XL: |  1  2  3  4  5  6  7  8 |
---------------+-------------------------+-----
Unarmed Combat | 4 5 6 7 8 10 | 10.4
Shapeshifting  | 4 5 6 7 |  7.3
Fighting       | |  1.1
Dodging        | |  2.1

Action                     |  1- 3 |  4- 6 |  7- 9 || total
---------------------------+-------+-------+-------++-------
  Melee: Unarmed           |    55 |   185 |   103 ||   343
         Punch             |     1 |     3 |     4 ||     8
 Invoke: Sacrifice Arcana  |       |       |     1 ||     1
    Use: Scroll            |       |    10 |     4 ||    14
 Armour: Animal skin       |     8 |       |       ||     8
         Ring mail         |    30 |    86 |    64 ||   180
  Dodge: Dodged            |    30 |    80 |    60 ||   170

Table legend: (Time is in decaauts)
 A = Elapsed time spent in this place.
 B = Non-inter-level travel time spent in this place.
 C = Inter-level travel time spent in this place.
 D = Time resting spent in this place.
 E = Time spent auto-exploring this place.
 F = Levels seen in this place.
 G = Mean time per level.
                   A        B        C        D        E       F      G
               +--------+--------+--------+--------+--------+-----+--------+
         Total |   3383 |   3330 |     53 |      0 |   2472 |   8 |  422.9 |
       Dungeon |   3290 |   3255 |     35 |      0 |   2472 |   7 |  470.0 |
        Temple |     92 |     74 |     18 |      0 |      0 |   1 |   92.0 |
               +--------+--------+--------+--------+--------+-----+--------+

Top non-repeatable levels by time:
     D:4: 665 daAuts
     D:6: 623 daAuts
     D:1: 496 daAuts
     D:7: 460 daAuts
     D:5: 427 daAuts
     D:2: 316 daAuts
     D:3: 300 daAuts
  Temple: 92 daAuts
